[Event "Titled Tuesday Blitz February 22 Early 2022"]
[White "Heinemann, Josefine"]
[Black "Hess, Robert"]
[WhiteFideId "12900460"]
[BlackFideId "2022036"]
[WhiteElo "2300"]
[BlackElo "2557"]
[Result "0-1"]
[Round "04"]
[TimeControl "180+1"]
[Date "2022.02.22"]
[WhiteClock "0:00:01"]
[BlackClock "0:00:09"]

1. Nf3 g6 2. d4 Bg7 3. g3 d6 4. Bg2 e6 5. O-O Ne7 6. e4 Nd7 7. Nc3 h6 8. Be3 a6 9. Qd2 g5 10. a4 b6 11. h4 gxh4 12. Nxh4 Bb7 13. f4 Bf6 14. Nf3 Rg8 15. e5 Bh8 16. Bf2 Nf5 17. Ne2 Qe7 18. Qd3 dxe5 19. dxe5 Nc5 20. Qc4 Ne4 21. Nfd4 Nd2 22. Nxf5 exf5 23. Bc6+ Kf8 24. Qd5 Rd8 25. Qg2 Bxc6 26. Qxc6 Nxf1 27. Rxf1 Rg6 28. Qc3 f6 29. a5 fxe5 30. axb6 cxb6 31. fxe5 Bxe5 32. Qf3 Qg5 33. Bxb6 Rxb6 34. Qxf5+ Qxf5 35. Rxf5+ Bf6 36. Nf4 Rd1+ 37. Kg2 Kg7 38. Nh5+ Kg6 39. g4 Rd2+ 40. Kh3 Bg5 41. Ng3 Rxc2 42. Rf3 Rcxb2 43. Rd3 R6b3 44. Rd6+ Kf7 45. Rd7+ Ke6 46. Rd6+ Ke7 47. Re6+ Kd7 48. Rd6+ Ke8 49. Re6+ Kf7 0-1


[Site "https://www.chess.com"]

[Event "Titled Tuesday Blitz February 22 Early 2022"]
[White "Hjartarson, Johann"]
[Black "Siva Mahadevan"]
[WhiteFideId "2300044"]
[BlackFideId "25043153"]
[WhiteElo "2484"]
[BlackElo "2203"]
[Result "0-1"]
[Round "04"]
[TimeControl "180+1"]
[Date "2022.02.22"]
[WhiteClock "0:00:01"]
[BlackClock "0:00:05"]

1. Nf3 Nf6 2. g3 g6 3. b4 Bg7 4. Bb2 O-O 5. Bg2 d6 6. c4 a5 7. b5 a4 8. O-O e5 9. d3 Nbd7 10. Nbd2 Nc5 11. Rb1 Re8 12. Qc2 Bf5 13. e4 Bd7 14. Rfe1 Qc8 15. d4 exd4 16. Bxd4 Ng4 17. Bxg7 Kxg7 18. Nd4 Nf6 19. f4 Bh3 20. Qc3 Bxg2 21. Kxg2 Kg8 22. Qc2 Qd7 23. Re3 Re7 24. Rbe1 Rae8 25. h3 h5 26. N4f3 c6 27. bxc6 Qxc6 28. Nd4 Qa6 29. e5 dxe5 30. fxe5 Nfd7 31. N2f3 Ne6 32. Nb5 Rc8 33. Nd6 Rc6 34. h4 Nxe5 35. Nxe5 Rxd6 36. c5 Rd5 37. Nxg6 fxg6 38. Qxg6+ Rg7 39. Qxe6+ Qxe6 40. Rxe6 Rxc5 41. R6e3 b5 42. a3 Rc4 43. Kh3 Rgc7 44. Rb1 R7c5 45. Re7 Rc3 46. Rd1 Rc8 47. Rd5 Rxa3 48. Rxb5 Rb3 49. Rxh5 a3 50. Ra7 Rcc3 51. Rg5+ Kf8 52. h5 Rb1 53. Rd5 Ke8 54. Rg5 Kf8 55. Kh4 Rb2 56. Rf5+ Ke8 57. Re5+ Kf8 58. Rd5 Ke8 59. h6 Rh2+ 60. Kg5 Rxg3+ 61. Kf4 Rb3 62. Re5+ Kf8 63. Rf5+ Kg8 64. Rg5+ Kf8 65. Rc5 Rb8 66. h7 a2 67. Rca5 a1=Q 68. Rxa1 Rb4+ 69. Kg3 Rh6 70. Rf1+ Ke8 71. Rg7 Rb3+ 72. Kg4 Rb4+ 0-1


[Site "https://www.chess.com"]

[Event "Titled Tuesday Blitz February 22 Early 2022"]
[White "Hua, Lefong"]
[Black "Oparin, Grigoriy"]
[WhiteFideId "2602253"]
[BlackFideId "24125890"]
[WhiteElo "2582"]
[BlackElo "2685"]
[Result "0-1"]
[Round "04"]
[TimeControl "180+1"]
[Date "2022.02.22"]
[WhiteClock "0:00:38"]
[BlackClock "0:00:15"]

1. d4 d5 2. c4 c6 3. Nf3 Nf6 4. Nc3 dxc4 5. a4 Bf5 6. Ne5 Nbd7 7. Nxc4 e6 8. f3 h6 9. e4 Bh7 10. Be3 Bb4 11. Qb3 a5 12. Be2 O-O 13. O-O Qe7 14. Rfd1 Rfd8 15. Rac1 e5 16. Nxe5 Nxe5 17. dxe5 Qxe5 18. Qc4 Qe7 19. Bb6 Rxd1+ 20. Rxd1 Nd7 21. Bf2 Ne5 22. Qd4 f6 23. f4 Nf7 24. Bf3 Rd8 25. Qb6 Rxd1+ 26. Nxd1 Bxe4 27. Bxe4 Qxe4 28. Qxb7 Nd6 29. Qa6 Qc2 30. Qf1 Qxa4 31. Qd3 Qa2 32. h3 Kf7 33. Kh2 Qd5 34. Qc2 Qc4 35. Qxc4+ Nxc4 36. Kg3 f5 37. Kf3 Ke6 38. Bd4 g6 39. Ke2 Nd6 40. Kd3 a4 41. Bg7 h5 42. Ne3 Bc5 43. Nc4 Nxc4 44. Kxc4 Be3 45. Be5 g5 46. g3 g4 47. hxg4 hxg4 48. Bd4 Bxd4 49. Kxd4 Kd6 50. Kc4 c5 51. Kb5 Kd5 52. Kxa4 Ke4 53. Kb5 Kf3 54. Kxc5 Kxg3 55. b4 Kf3 56. b5 g3 57. b6 g2 58. b7 g1=Q+ 59. Kc6 Qb1 0-1


[Site "https://www.chess.com"]

[Event "Titled Tuesday Blitz February 22 Early 2022"]
[White "Ianov, Viktor"]
[Black "Atakishiyev, Elmar"]
[WhiteFideId "14102730"]
[BlackFideId "13410547"]
[WhiteElo "2518"]
[BlackElo "2736"]
[Result "0-1"]
[Round "04"]
[TimeControl "180+1"]
[Date "2022.02.22"]
[WhiteClock "0:01:13"]
[BlackClock "0:01:34"]

1. Nf3 Nf6 2. g3 g6 3. b3 Bg7 4. Bb2 d6 5. d4 O-O 6. Bg2 b6 7. O-O Bb7 8. c4 Nbd7 9. Nc3 Re8 10. Qc2 e5 11. dxe5 dxe5 12. Rfd1 Qe7 13. Nxe5 Bxg2 14. Nxd7 Bb7 15. Nxf6+ Qxf6 16. f3 h5 17. Na4 Qg5 18. Bxg7 Kxg7 19. Qd2 Re3 20. Kf2 Rae8 21. Nc3 Qf6 22. Rac1 Rxf3+ 23. Kg1 Rf2 24. Qd4 Rg2+ 25. Kh1 Rgxe2+ 26. Kg1 Rg2+ 27. Kh1 Rd2+ 0-1


[Site "https://www.chess.com"]

[Event "Titled Tuesday Blitz February 22 Early 2022"]
[White "Iljin, Timofey"]
[Black "Iskusnyh, Sergei"]
[WhiteFideId "14110180"]
[BlackFideId "4120027"]
[WhiteElo "2396"]
[BlackElo "2492"]
[Result "1-0"]
[Round "04"]
[TimeControl "180+1"]
[Date "2022.02.22"]
[WhiteClock "0:00:06"]
[BlackClock "0:00:01"]

1. f4 d5 2. Nf3 g6 3. g3 Bg7 4. Bg2 c6 5. O-O Qb6+ 6. Kh1 Bxb2 7. Bxb2 Qxb2 8. Nc3 Nf6 9. Rb1 Qa3 10. Rb3 Qa5 11. d3 Nbd7 12. a4 Nc5 13. Ra3 O-O 14. Ne5 Ng4 15. Nxg4 Bxg4 16. h3 Bd7 17. e4 dxe4 18. dxe4 Rad8 19. Qf3 Bc8 20. Raa1 Ne6 21. Nd1 Rd2 22. c3 Nc5 23. Rc1 Nd3 24. Rb1 Qc5 25. Ne3 Qxc3 26. f5 Ne5 27. Qf4 f6 28. Rbc1 Qd4 29. Ng4 g5 30. Qe3 Nxg4 31. Qxd4 Rxd4 32. hxg4 Rxa4 33. Rfd1 a5 34. Rc5 Ra3 35. Kh2 a4 36. e5 Re3 37. e6 a3 38. Ra5 b5 39. Ra7 b4 40. Bxc6 Re2+ 41. Kh3 a2 42. Bd5 Rd8 43. Rxe7 a1=Q 44. Rxa1 Rxd5 45. Ra8 Rc2 46. Re8+ Kg7 47. Raxc8 Rxc8 48. Rxc8 Re5 49. Rc7+ Kh6 50. Rb7 Re4 51. Rf7 b3 52. Rxf6+ Kg7 53. Rf7+ Kh6 54. Rb7 Re3 55. Kg2 Rc3 56. Kf2 Rc2+ 57. Ke3 b2 58. f6 Rc1 59. f7 Re1+ 60. Kf2 1-0


[Site "https://www.chess.com"]

[Event "Titled Tuesday Blitz February 22 Early 2022"]
[White "Ismayil, Malak"]
[Black "Coto Mederos, Michel"]
[WhiteFideId "13412604"]
[BlackFideId "3508528"]
[WhiteElo "1879"]
[BlackElo "2427"]
[Result "0-1"]
[Round "04"]
[TimeControl "180+1"]
[Date "2022.02.22"]
[WhiteClock "0:00:20"]
[BlackClock "0:00:11"]

1. e4 e5 2. Nf3 Nf6 3. Nxe5 d6 4. Nf3 Nxe4 5. Nc3 Nxc3 6. dxc3 Be7 7. Bc4 c6 8. O-O d5 9. Bd3 Bg4 10. h3 Bh5 11. Bf4 Nd7 12. Be2 O-O 13. Nd4 Bg6 14. Bf3 Nf6 15. Re1 Ne4 16. Bxe4 dxe4 17. Nb3 f5 18. Qxd8 Raxd8 19. Nd4 Rd7 20. f3 exf3 21. Nxf3 Bc5+ 22. Kh2 Bh5 23. Ne5 Rd5 24. Nd3 Bd6 25. c4 Rxd3 26. cxd3 Bxf4+ 27. g3 Bd6 28. Re6 Rd8 29. Rae1 Bf7 30. R6e3 Bc5 31. Re5 Bb4 32. R1e3 f4 33. gxf4 Bd6 34. R5e4 Bg6 35. Kg3 Bxe4 36. dxe4 Bc5 37. Re2 Rd3+ 38. Kg4 Kf7 39. e5 g6 40. a3 h5+ 41. Kg5 Kg7 42. f5 gxf5 43. Kxf5 Rxh3 44. b4 Be7 45. Ke6 Bg5 46. Rg2 Kg6 47. Kd7 Rd3+ 48. Kc7 Re3 49. Kxb7 h4 50. Kxa7 h3 51. Rg1 h2 52. Rh1 Bf4 53. b5 cxb5 54. cxb5 Rxa3+ 55. Kb7 Bxe5 56. Kc6 Ra1 57. Rxh2 Bxh2 58. b6 Rb1 59. b7 Bg3 0-1


[Site "https://www.chess.com"]

[Event "Titled Tuesday Blitz February 22 Early 2022"]
[White "Jakubowski, Krzysztof"]
[Black "Mikhalsky, Vladimir"]
[WhiteFideId "1112848"]
[BlackFideId "14144352"]
[WhiteElo "2365"]
[BlackElo "2248"]
[Result "1-0"]
[Round "04"]
[TimeControl "180+1"]
[Date "2022.02.22"]
[WhiteClock "0:00:03"]
[BlackClock "0:00:13"]

1. e4 g6 2. d4 Bg7 3. Nc3 d6 4. f4 Nf6 5. Nf3 O-O 6. Be3 a6 7. e5 Ng4 8. Bg1 c5 9. h3 cxd4 10. Qxd4 Nc6 11. Qe4 Nh6 12. g4 dxe5 13. fxe5 Qa5 14. O-O-O Be6 15. Bh2 Bxa2 16. Qa4 Be6 17. Qxa5 Nxa5 18. b3 Rac8 19. Kb2 f6 20. Nd4 Bf7 21. e6 Be8 22. Nd5 Nc6 23. Nxc6 Bxc6 24. Nxe7+ Kh8 25. Nxc8 Bxh1 26. Nd6 f5+ 27. Ka2 Bf3 28. Re1 Ng8 29. e7 Nxe7 30. Rxe7 fxg4 31. hxg4 Bxg4 32. Bc4 Rf2 33. Re8+ Bf8 34. Be5+ Rf6 35. Bxf6# 1-0


[Site "https://www.chess.com"]

[Event "Titled Tuesday Blitz February 22 Early 2022"]
[White "Jeet, Jain"]
[Black "Bernadskiy, Vitaliy"]
[WhiteFideId "5073022"]
[BlackFideId "14100371"]
[WhiteElo "2085"]
[BlackElo "2473"]
[Result "1/2-1/2"]
[Round "04"]
[TimeControl "180+1"]
[Date "2022.02.22"]
[WhiteClock "0:00:11"]
[BlackClock "0:00:03"]

1. e4 e5 2. Nf3 Nf6 3. Nxe5 d6 4. Nf3 Nxe4 5. Bd3 d5 6. O-O Be7 7. Re1 Nc5 8. Bf1 Bg4 9. h3 Bh5 10. Nc3 c6 11. d4 Ne6 12. Be2 O-O 13. Ne5 Bxe2 14. Nxe2 Nd7 15. Nxd7 Qxd7 16. Nf4 Nxf4 17. Bxf4 Rfe8 18. c3 Qf5 19. Qg4 Qxg4 20. hxg4 Bf8 21. f3 f6 22. Kf2 Kf7 23. Rxe8 Rxe8 24. Re1 Ra8 25. a4 a6 26. b3 Rd8 27. Ke3 Re8+ 28. Kd2 Rxe1 29. Kxe1 g5 30. Bg3 Kg6 31. Ke2 f5 32. gxf5+ Kxf5 33. Be5 h5 34. Kd3 h4 35. Bc7 g4 36. fxg4+ Kxg4 37. Ke2 Bh6 38. a5 Bg5 39. b4 Bc1 40. Be5 Kf5 41. Bd6 Kg4 42. Bc7 Bh6 43. Bd6 Bg5 44. Bc7 Kf5 45. Kd3 Bf4 46. Bd8 Kg4 47. Ke2 Kg3 48. Kd3 Kg4 49. Ke2 Bh2 50. Be7 Bg1 51. Bd8 Kg3 52. Be7 Kg4 53. Bd6 Kf5 54. Bc7 Kg4 55. Bd6 Kg5 56. Kf3 Kh5 57. Bc7 Kg5 58. Bd6 Kh5 59. Bb8 Kg5 60. Bf4+ Kf5 61. Be5 Kg5 62. Ke2 Kg4 63. Bb8 Kg5 64. Kf3 Kh5 65. Bc7 Kg5 66. Bf4+ Kh5 67. Be5 Kg5 68. Bf4+ 1/2-1/2


[Site "https://www.chess.com"]

[Event "Titled Tuesday Blitz February 22 Early 2022"]
[White "Jodorcovsky Werjivker, Paulo"]
[Black "Lorente Serrano, Rosa Adela"]
[WhiteFideId "3700305"]
[BlackFideId "32091982"]
[WhiteElo "2075"]
[BlackElo "1820"]
[Result "1-0"]
[Round "04"]
[TimeControl "180+1"]
[Date "2022.02.22"]
[WhiteClock "0:00:17"]
[BlackClock "0:00:07"]

1. d4 Nf6 2. c4 e6 3. Nc3 Bb4 4. f3 c5 5. d5 d6 6. e4 exd5 7. cxd5 O-O 8. Ne2 Nbd7 9. Bf4 c4 10. Ng3 Re8 11. Bxc4 Qc7 12. Qe2 Bxc3+ 13. bxc3 b5 14. Bxb5 Qxc3+ 15. Kf2 a6 16. Rhc1 Qd4+ 17. Be3 Qe5 18. Bc6 Rb8 19. Nf5 Rb2 20. Bd2 Qxh2 21. Rh1 Qe5 22. Ne3 Qd4 23. Rhd1 Ne5 24. Kf1 Bd7 25. Qe1 Nd3 26. Bc3 Bxc6 27. Bxd4 Nxe1 28. dxc6 Nc2 29. Nxc2 Rxc2 30. Rac1 Rxa2 31. c7 Rc8 32. Bxf6 gxf6 33. Rxd6 1-0


[Site "https://www.chess.com"]

[Event "Titled Tuesday Blitz February 22 Early 2022"]
[White "Jones, Gawain C B"]
[Black "Delaney, Killian"]
[WhiteFideId "409561"]
[BlackFideId "2501570"]
[WhiteElo "2801"]
[BlackElo "2545"]
[Result "1-0"]
[Round "04"]
[TimeControl "180+1"]
[Date "2022.02.22"]
[WhiteClock "0:00:14"]
[BlackClock "0:00:17"]

1. Nf3 g6 2. e4 Bg7 3. d4 d6 4. Nc3 a6 5. Be3 b5 6. a4 b4 7. Ne2 Bb7 8. Ng3 h5 9. Bg5 Nd7 10. Bc4 c5 11. c3 bxc3 12. Qb3 cxb2 13. Bxf7+ Kf8 14. Rb1 Rb8 15. Bxg6 d5 16. exd5 c4 17. Qxb2 Bxd5 18. Qc2 Rxb1+ 19. Qxb1 Bxf3 20. Qf5+ Ngf6 21. Qxf3 Qa5+ 22. Bd2 Qd5 23. Qe3 Bh6 24. Qxh6+ Rxh6 25. Bxh6+ Kg8 26. O-O h4 27. Nf5 Qa5 28. Nxe7+ Kh8 29. Nf5 h3 30. gxh3 c3 31. Re1 c2 32. Re7 Qb4 33. Bg7+ Kg8 34. Nh6# 1-0


[Site "https://www.chess.com"]

[Event "Titled Tuesday Blitz February 22 Early 2022"]
[White "Jumabayev, Rinat"]
[Black "Gabrielian, Artur"]
[WhiteFideId "13702661"]
[BlackFideId "4131002"]
[WhiteElo "2561"]
[BlackElo "2440"]
[Result "1-0"]
[Round "04"]
[TimeControl "180+1"]
[Date "2022.02.22"]
[WhiteClock "0:00:08"]
[BlackClock "0:00:15"]

1. d4 Nf6 2. Nf3 g6 3. Bf4 Bg7 4. e3 O-O 5. Be2 d6 6. O-O c5 7. c3 Qb6 8. Qb3 Be6 9. Qxb6 axb6 10. a3 Nh5 11. Bg5 Re8 12. Ne1 h6 13. Bh4 Nf6 14. Nd2 Nc6 15. f3 Nd5 16. Bf2 Na5 17. Nd3 c4 18. Nb4 b5 19. Nxd5 Bxd5 20. e4 Bc6 21. f4 d5 22. Bf3 e6 23. Rfe1 f5 24. exd5 Bxd5 25. Rad1 Nc6 26. Bh4 Kf7 27. Kf1 Bf6 28. Bxf6 Kxf6 29. Kf2 g5 30. g3 gxf4 31. gxf4 Ne7 32. Re5 Ng6 33. Bxd5 exd5 34. Rxd5 Ra6 35. Kf3 Rae6 36. Nf1 Re4 37. Ng3 Re3+ 38. Kf2 Nh4 39. Re5 R8xe5 40. fxe5+ Kg5 41. Kxe3 f4+ 42. Kf2 fxg3+ 43. hxg3 Nf5 44. e6 Kf6 45. Re1 Nd6 46. Re5 Ke7 47. Kf3 h5 48. d5 Kf6 49. Rxh5 Ke7 50. Rh7+ Kf6 51. Rd7 Nf5 52. g4 Nh4+ 53. Ke4 Ng6 54. Rxb7 Nh4 55. Rf7+ Kg6 56. Rf2 1-0


[Site "https://www.chess.com"]

[Event "Titled Tuesday Blitz February 22 Early 2022"]
[White "Kamsky, Gata"]
[Black "Kiolbasa, Oliwia"]
[WhiteFideId "2000024"]
[BlackFideId "1154613"]
[WhiteElo "2645"]
[BlackElo "2190"]
[Result "1-0"]
[Round "04"]
[TimeControl "180+1"]
[Date "2022.02.22"]
[WhiteClock "0:00:42"]
[BlackClock "0:00:03"]

1. e4 e5 2. Nf3 Nc6 3. Bb5 a6 4. Ba4 Nf6 5. O-O Be7 6. Re1 b5 7. Bb3 d6 8. c3 O-O 9. d4 Bg4 10. d5 Nb8 11. h3 Bc8 12. c4 c6 13. dxc6 Qc7 14. Nc3 bxc4 15. Bxc4 Nxc6 16. Bg5 Be6 17. Bxf6 Bxc4 18. Bxe7 Qxe7 19. Nd5 Bxd5 20. Qxd5 Nb4 21. Qd2 Rab8 22. b3 Rfc8 23. Rac1 Nc6 24. Rc4 Nd8 25. Rec1 Rxc4 26. Rxc4 Ne6 27. g3 Nc5 28. b4 Ne6 29. Kg2 h6 30. h4 Kh7 31. a3 Rb6 32. Qd5 Qd8 33. Rc6 Qb8 34. Rxb6 Qxb6 35. Nd2 Kg8 36. Nc4 Qd4 37. Qxd4 Nxd4 38. Nxd6 Nc2 39. Nc4 f6 40. h5 Kf7 41. Kf3 Ke6 42. g4 Kd7 43. Ke2 Kc6 44. Kd3 Nd4 45. a4 Nf3 46. Ne3 Nh2 47. Kc4 Nf3 48. b5+ axb5+ 49. axb5+ Kb6 50. Nd5+ Kb7 51. Kc5 Nd2 52. Nc3 Nb3+ 53. Kd6 Kb6 54. Ke7 Nd4 55. Kf7 Nf3 56. Kxg7 Nh2 57. Nd5+ Kxb5 58. Ne3 Kc5 59. Kxh6 Kd4 60. Kg6 Kxe4 61. h6 Nf3 62. h7 1-0


[Site "https://www.chess.com"]

[Event "Titled Tuesday Blitz February 22 Early 2022"]
[White "Karabalis, Harilos"]
[Black "Wartiovaara, Oliver"]
[WhiteFideId "4621808"]
[BlackFideId "513024"]
[WhiteElo "2168"]
[BlackElo "1971"]
[Result "1-0"]
[Round "04"]
[TimeControl "180+1"]
[Date "2022.02.22"]
[WhiteClock "0:01:04"]
[BlackClock "0:00:01"]

1. e4 c5 2. Nf3 d6 3. c3 Nf6 4. Bc4 Nc6 5. d3 g6 6. O-O Bg7 7. Bb3 O-O 8. h3 b5 9. a4 b4 10. Nbd2 a5 11. Re1 Nd7 12. Qc2 Ba6 13. Nc4 Rb8 14. Be3 Nce5 15. Ncxe5 Nxe5 16. Nxe5 Bxe5 17. d4 cxd4 18. cxd4 Bg7 19. Rac1 e6 20. d5 e5 21. Bc4 Rc8 22. Qd3 Bxc4 23. Rxc4 Qd7 24. b3 Rxc4 25. Qxc4 Rc8 26. Qa6 Rc3 27. Qxa5 Rxb3 28. Qa8+ Bf8 29. Bh6 Qe7 30. Rc1 Rc3 31. Rxc3 bxc3 32. Qc8 f5 33. exf5 gxf5 34. Bxf8 Qxf8 35. Qxc3 Qa8 36. Qc6 Qa5 37. Qxd6 Qe1+ 38. Kh2 Qxf2 39. Qe6+ Kg7 40. Qxe5+ Kg6 41. Qg3+ 1-0


[Site "https://www.chess.com"]

[Event "Titled Tuesday Blitz February 22 Early 2022"]
[White "Kazancev, Valerij M"]
[Black "Prohorov, Olexandr"]
[WhiteFideId "4179609"]
[BlackFideId "14105578"]
[WhiteElo "2461"]
[BlackElo "1993"]
[Result "1-0"]
[Round "04"]
[TimeControl "180+1"]
[Date "2022.02.22"]
[WhiteClock "0:00:18"]
[BlackClock "0:00:03"]

1. c4 g6 2. h4 Nf6 3. Nc3 c5 4. g3 Nc6 5. Bg2 Bg7 6. Nh3 e5 7. a3 d6 8. Rb1 a5 9. d3 Be6 10. Ng5 Bf5 11. Bd2 Rb8 12. Qc1 Qd7 13. b3 O-O 14. Nd5 Ne7 15. Nxf6+ Bxf6 16. h5 Bg7 17. hxg6 hxg6 18. b4 axb4 19. axb4 cxb4 20. Rxb4 b5 21. Qb1 Qa7 22. cxb5 d5 23. O-O Rfc8 24. e4 dxe4 25. dxe4 Bd7 26. Qb3 Be8 27. Bh3 Rd8 28. Be3 Qb7 29. Rb1 Bf8 30. Qb2 Nc8 31. Rb3 Bg7 32. Qe2 Nb6 33. Qg4 Bd7 34. Qh4 Bxh3 35. Qh7+ Kf8 36. Qxh3 Qd7 37. Bc5+ Ke8 38. Qh7 Qd2 39. Qg8+ Kd7 40. Qxf7+ Kc8 41. Qxg7 Qxg5 42. Bxb6 Rxb6 43. Rc3+ Kb8 44. Qc7+ Ka8 45. Qxb6 Qd2 46. Ra3+ 1-0


[Site "https://www.chess.com"]

[Event "Titled Tuesday Blitz February 22 Early 2022"]
[White "Khamzin, Olzhas"]
[Black "Goldin, Roman"]
[WhiteFideId "13701690"]
[BlackFideId "2803860"]
[WhiteElo "2194"]
[BlackElo "2312"]
[Result "0-1"]
[Round "04"]
[TimeControl "180+1"]
[Date "2022.02.22"]
[WhiteClock "0:00:27"]
[BlackClock "0:00:10"]

1. d4 Nf6 2. Nc3 d5 3. Bg5 Nbd7 4. e3 g6 5. g4 Bg7 6. h4 h6 7. Bf4 O-O 8. Be2 c6 9. g5 hxg5 10. hxg5 Ne4 11. Nxe4 dxe4 12. Bc4 e5 13. dxe5 Nxe5 14. Bb3 Bg4 15. Qxd8 Raxd8 16. Rh4 Nf3+ 17. Nxf3 Bxf3 18. c3 Rfe8 19. Bd1 Be5 20. Bxf3 exf3 21. Rd1 Rxd1+ 22. Kxd1 Rd8+ 23. Kc2 Bxf4 24. Rxf4 Rd5 25. Rg4 Kf8 26. c4 Ra5 27. Kb3 Ke7 28. a4 Re5 29. Kc3 a5 30. Kd4 Kd6 31. Rg3 Rf5 32. e4 Rf4 33. Ke3 Ke5 34. Rxf3 Rxe4+ 35. Kd3 Rf4 36. Re3+ Kf5 37. Re7 Kxg5 38. Rxb7 Rxf2 39. Kd4 f5 40. Kc5 f4 41. Kxc6 f3 42. Rf7 Kg4 43. c5 g5 44. Kc7 Rxb2 45. c6 Rb4 46. Kc8 Rxa4 47. c7 Rc4 48. Kb8 Kg3 49. Rf5 g4 50. Rxa5 f2 51. Ra3+ Kg2 52. Ra2 g3 53. Rc2 Rxc2 54. Kb7 Rxc7+ 55. Kxc7 f1=Q 56. Kd6 Qf4+ 57. Kd7 Kf3 58. Kd8 g2 59. Ke8 g1=Q 60. Kd8 Qg7 61. Ke8 Qff8# 0-1


[Site "https://www.chess.com"]

[Event "Titled Tuesday Blitz February 22 Early 2022"]
[White "Kim, Sergey"]
[Black "Zlatin, Alexander"]
[WhiteFideId "13700570"]
[BlackFideId "2810549"]
[WhiteElo "2632"]
[BlackElo "2228"]
[Result "1-0"]
[Round "04"]
[TimeControl "180+1"]
[Date "2022.02.22"]
[WhiteClock "0:00:51"]
[BlackClock "0:00:02"]

1. d4 d5 2. c4 e6 3. Nc3 c5 4. e3 Nf6 5. Nf3 Nc6 6. a3 Be7 7. Bd3 O-O 8. O-O a6 9. b3 dxc4 10. bxc4 h6 11. d5 Na5 12. e4 exd5 13. cxd5 c4 14. Bc2 Bc5 15. e5 Ne8 16. Ne4 Ba7 17. h3 b5 18. Bf4 Nb7 19. Qd2 Nc5 20. Rad1 Nxe4 21. Bxe4 f5 22. Bc2 Bb7 23. Be3 Bxe3 24. fxe3 Nc7 25. d6 Nd5 26. Nd4 Qg5 27. Nxf5 c3 28. Qd3 Nf6 29. Ne7+ Kh8 30. Qe2 Be4 31. exf6 1-0


[Site "https://www.chess.com"]

[Event "Titled Tuesday Blitz February 22 Early 2022"]
[White "King, Alexander"]
[Black "Samunenkov, Ihor"]
[WhiteFideId "2063620"]
[BlackFideId "14187086"]
[WhiteElo "2517"]
[BlackElo "2720"]
[Result "1-0"]
[Round "04"]
[TimeControl "180+1"]
[Date "2022.02.22"]
[WhiteClock "0:00:08"]
[BlackClock "0:00:03"]

1. d4 Nf6 2. c4 e6 3. Nc3 Bb4 4. e3 O-O 5. Bd3 d5 6. Nf3 dxc4 7. Bxc4 c5 8. O-O cxd4 9. exd4 b6 10. Bg5 Bb7 11. Re1 Nc6 12. a3 Be7 13. Qd3 Nd5 14. Bxd5 Bxg5 15. Be4 g6 16. d5 exd5 17. Bxd5 Bf6 18. Ne4 Bxb2 19. Rad1 Bg7 20. Nd6 Qc7 21. Nxb7 Qxb7 22. Qe4 Rac8 23. Rc1 Qe7 24. Bxc6 Qxa3 25. h4 a5 26. Rb1 Qd6 27. Rxb6 Qc5 28. Reb1 Rc7 29. Qd5 Qc2 30. Ne1 Qc3 31. Ba4 Bd4 32. R6b3 Qd2 33. Qf3 Rc1 34. Rxc1 Qxc1 35. Qe4 Qd2 36. Rf3 Bg7 37. Kh2 Qd6+ 38. g3 h5 39. Nd3 Rd8 40. Nf4 Qb6 41. Qc4 Qb1 42. Nxg6 Qb8 43. Ne7+ Kh7 44. Nc6 Qc7 45. Qe4+ f5 46. Qxf5+ Kh8 47. Qxh5+ Kg8 48. Bb3+ 1-0


[Site "https://www.chess.com"]

[Event "Titled Tuesday Blitz February 22 Early 2022"]
[White "Kirillov, Dmitry"]
[Black "Clawitter, Craig"]
[WhiteFideId "34180572"]
[BlackFideId "2023105"]
[WhiteElo "2076"]
[BlackElo "2219"]
[Result "1-0"]
[Round "04"]
[TimeControl "180+1"]
[Date "2022.02.22"]
[WhiteClock "0:00:27"]
[BlackClock "0:00:02"]

1. d4 e6 2. c4 Nf6 3. Nf3 d5 4. e3 c6 5. Nbd2 Nbd7 6. Bd3 Bd6 7. e4 dxe4 8. Nxe4 Nxe4 9. Bxe4 O-O 10. O-O Nf6 11. Bc2 c5 12. dxc5 Bxc5 13. Qe2 Bd7 14. Bg5 Bc6 15. Rad1 Qa5 16. Ne5 Rad8 17. Bxf6 gxf6 18. Qh5 f5 19. Ng4 Be7 20. Rxd8 Qxd8 21. Nh6+ Kh8 22. Nxf7+ Rxf7 23. Qxf7 Be8 24. Qxe6 1-0


[Site "https://www.chess.com"]

[Event "Titled Tuesday Blitz February 22 Early 2022"]
[White "Kislov, Oleg"]
[Black "Cabarkapa, Novak"]
[WhiteFideId "13503774"]
[BlackFideId "943746"]
[WhiteElo "2252"]
[BlackElo "2443"]
[Result "1-0"]
[Round "04"]
[TimeControl "180+1"]
[Date "2022.02.22"]
[WhiteClock "0:01:15"]
[BlackClock "0:01:44"]

1. e4 h5 2. d4 h4 3. h3 c6 4. Nc3 d5 5. Nf3 dxe4 6. Nxe4 Nf6 7. Neg5 Bf5 8. Bc4 e6 9. Ne5 Nd5 10. Ngxf7 Qa5+ 11. Bd2 Qa4 12. b3 Qa3 13. Nxh8 Qb2 14. O-O Qxd4 15. Qh5+ Kd8 16. Bg5+ Kc7 17. Bxd5 Qxe5 18. Qf7+ Nd7 19. Bf3 Bd6 20. Rfd1 Rxh8 21. Rxd6 Qxd6 22. Rd1 1-0


[Site "https://www.chess.com"]

[Event "Titled Tuesday Blitz February 22 Early 2022"]
[White "Korchmar, Vasiliy"]
[Black "Jakubowska, Anna"]
[WhiteFideId "24131750"]
[BlackFideId "1121952"]
[WhiteElo "2370"]
[BlackElo "1924"]
[Result "1-0"]
[Round "04"]
[TimeControl "180+1"]
[Date "2022.02.22"]
[WhiteClock "0:02:25"]
[BlackClock "0:01:17"]

1. d4 d5 2. Bf4 Nf6 3. e3 c5 4. Nf3 Nc6 5. Nbd2 Bf5 6. dxc5 e6 7. Nd4 Bg6 8. Bb5 Rc8 9. Nxc6 bxc6 10. Ba6 Bxc5 11. Bxc8 Qxc8 12. c4 dxc4 13. O-O Bd3 14. Re1 O-O 15. Qa4 Nd5 16. Nxc4 Nb4 17. Rac1 Be4 18. Nd6 Bxd6 19. Bxd6 Nd3 20. Qxe4 Nxc1 21. Bxf8 1-0


[Site "https://www.chess.com"]

[Event "Titled Tuesday Blitz February 22 Early 2022"]
[White "Korkmaz, Necmettin"]
[Black "Krysa, Leandro"]
[WhiteFideId "6303285"]
[BlackFideId "116807"]
[WhiteElo "2094"]
[BlackElo "2490"]
[Result "0-1"]
[Round "04"]
[TimeControl "180+1"]
[Date "2022.02.22"]
[WhiteClock "0:00:34"]
[BlackClock "0:01:54"]

1. e4 e5 2. Nf3 Nf6 3. d4 exd4 4. Bc4 Nc6 5. O-O Nxe4 6. Re1 d5 7. Bxd5 Qxd5 8. Nc3 Qd7 9. Nxe4 Be7 10. Bg5 O-O 11. Bxe7 Qxe7 12. Nxd4 Bd7 13. Nc3 Qb4 14. Ndb5 Rad8 15. a3 Qh4 16. Nxc7 Bg4 17. Qc1 Nd4 18. N7b5 Nf3+ 19. gxf3 Bxf3 20. Re4 Bxe4 21. Nxe4 Qxe4 22. Nc3 Qg4+ 23. Kh1 Qf3+ 24. Kg1 Rd6 0-1


[Site "https://www.chess.com"]

[Event "Titled Tuesday Blitz February 22 Early 2022"]
[White "Kornyukov, Alexey"]
[Black "Medeiros Jr, Francisco De Assis"]
[WhiteFideId "4150457"]
[BlackFideId "2114267"]
[WhiteElo "2303"]
[BlackElo "1998"]
[Result "0-1"]
[Round "04"]
[TimeControl "180+1"]
[Date "2022.02.22"]
[WhiteClock "0:01:35"]
[BlackClock "0:00:43"]

1. e4 c6 2. d4 d5 3. Nc3 dxe4 4. Nxe4 Nf6 5. Nxf6+ exf6 6. Nf3 Bd6 7. Bd3 O-O 8. O-O Bg4 9. h3 Bh5 10. c3 Nd7 11. Qc2 Bg6 12. Bxg6 hxg6 13. Be3 Qc7 14. c4 f5 15. c5 Be7 16. Qd2 Nf6 17. Bf4 Qd8 18. Rfe1 Nd5 19. Bg3 Bf6 20. Rad1 Re8 21. Be5 Qd7 22. Bxf6 gxf6 23. h4 Kg7 24. h5 Rh8 25. hxg6 fxg6 26. Qe2 Rae8 27. Qc4 Re4 28. Rxe4 fxe4 29. Nd2 Qg4 30. f3 Qh4 31. Nxe4 Qh1+ 32. Kf2 Qxd1 33. Ng3 Qd2+ 34. Kg1 Qxg2+ 35. Kxg2 Ne3+ 36. Kf2 Nxc4 0-1


[Site "https://www.chess.com"]